 Dungeon Crawl Stone Soup version 0.28.0-53-g5a82cb258f (webtiles) character file.

Game seed: 14619550522105476572

220 issech the Chopper (level 5, 0/47 HPs)
             Began as a Minotaur Monk on June 5, 2022.
             Killed from afar by an orc wizard (8 damage)
             ... with a puff of flame
             ... on level 4 of the Dungeon.
             The game lasted 00:08:28 (3533 turns).

issech the Chopper (Minotaur Monk)                  Turns: 3533, Time: 00:08:29

Health: 0/47       AC: 12    Str: 15    XL:     5   Next: 64%
Magic:  4/4        EV:  5    Int:  7    God:
Gold:   86         SH:  0    Dex: 15    Spells: 4/4 levels left

rFire   . . .      SeeInvis .   l - +3 dagger (drain)
rCold   . . .      Faith    .   (no shield)
rNeg    . . .      Spirit   .   t - +0 plate armour
rPois   .          Reflect  .   (helmet restricted)
rElec   .          Harm     .   (no cloak)
rCorr   .          Rampage  .   (no gloves)
Will    .....                   u - +0 pair of boots
Stlth   ..........              (no amulet)
HPRegen 0.15/turn               (no ring)
MPRegen 0.09/turn               (no ring)

@: no status effects
A: horns 2, retaliatory headbutt
a: no special abilities


You were on level 4 of the Dungeon.
You visited 1 branch of the dungeon, and saw 4 of its levels.

You collected 86 gold pieces.

Inventory:

Hand Weapons
 a - a +0 hand axe
 b - a +1 antimagic whip
 l - a +3 dagger of draining (weapon)
Missiles
 f - 90 stones (quivered)
 n - 6 boomerangs of dispersal
 o - 9 bolts
 r - 16 sling bullets
 s - 2 boomerangs
Armour
 c - a +0 ring mail
 t - a +0 plate armour (worn)
 u - a +0 pair of boots (worn)
Magical Staves
 e - a staff of air
Scrolls
 d - a scroll of fog {unknown}
 g - 4 scrolls of identify {unknown}
 p - a scroll of vulnerability {unknown}
 q - a scroll of brand weapon {unknown}
 v - a scroll of blinking {unknown}
Potions
 h - 2 potions of mutation {unknown}
 i - 2 potions of heal wounds {unknown}
 j - a potion of ambrosia {unknown}
 k - a potion of attraction {unknown}
 m - a potion of flight {unknown}


   Skills:
 + Level 4.7 Fighting
 + Level 1.2 Short Blades
 + Level 4.7 Axes
 + Level 3.2 Armour
 + Level 4.4 Dodging
 + Level 1.8 Stealth


You had 4 spell levels left.
You didn't know any spells.
Your spell library was empty.

Dungeon Overview and Level Annotations

Branches:
Dungeon (4/15)
 Temple: D:4-7

Altars:

Shops:
D:4 =


Innate Abilities, Weirdness & Mutations

You have a pair of horns on your head.
You reflexively headbutt those who attack you in melee.


Message History

The iguana is almost dead.
The iguana barely misses you.
The orc priest hits you but does no damage.
You barely miss the iguana.
The iguana is almost dead.
The orc priest hits you but does no damage.
The iguana bites you.
* * * LOW HITPOINT WARNING * * *
You closely miss the iguana.
The iguana is almost dead.
The orc priest hits you with a +0 hand axe.
* * * LOW HITPOINT WARNING * * *
The iguana barely misses you. You furiously retaliate!
You headbutt the iguana.
You kill the iguana!
Your Short Blades skill increases to level 1!
You closely miss the orc priest.
You headbutt the orc priest, but do no damage.
The orc priest hits you with a +0 hand axe.
* * * LOW HITPOINT WARNING * * *
You hit the orc priest. You headbutt the orc priest.
The orc priest is moderately wounded.
The orc priest hits you with a +0 hand axe.
* * * LOW HITPOINT WARNING * * *
You hit the orc priest. You drain the orc priest.
Your headbutt misses the orc priest.
The orc priest is severely wounded.
You hit the orc priest. You drain the orc priest. You headbutt the orc priest.
You kill the orc priest!
Your Armour skill increases to level 3!
You see here a +0 hand axe.
Things that are here:
a +0 trident; an orc skeleton
Items here: ) [ ÷ †.
You open the door.
There is an open door here.
The orc wizard shouts!
You hear a shout!
The orc shouts!
You hear an angry hiss.
The orc wizard casts a spell at you. The puff of flame hits you!
You die...

......#.....#....#
###.#...#.....#....#
#####..∩....#.....#....#
......#.#...#.....#....#
........##..##....'....#
....##..##..##....#....#
######...........##....#
.................##....#
.........o@......#.....#
##..##...........#.)...#
##..##......##...##....#
#.......o...##...##....#
#...........#....)[....#
#...........#....).)...#
#...........#..........#
##>.##......#....##....#
#####......'....##....#


You could see an orc wizard and an orc.

Vanquished Creatures
  An orc priest (D:4)
  An iguana (D:4)
  Robin (D:2)
  3 adders
  5 gnolls
  A dart slug (D:2)
  4 orcs
  8 ball pythons
  7 bats
  4 endoplasms
  3 giant cockroaches (D:2)
  8 goblins
  9 hobgoblins
  7 jackals
  A quokka (D:2)
  A frilled lizard (D:1)
  5 kobolds
  3 rats
72 creatures vanquished.

Notes
Turn   | Place    | Note
-------+----------+-------------------------------------------
     0 | D:1      | issech the Minotaur Monk began the quest for the Orb.
     0 | D:1      | Reached XP level 1. HP: 19/19 MP: 0/0
   259 | D:1      | Reached XP level 2. HP: 27/27 MP: 1/1
   695 | D:1      | Found a faded altar of an unknown god.
  1153 | D:2      | Noticed Robin
  1164 | D:2      | Killed Robin
  1165 | D:2      | Reached skill level 1 in Armour
  1165 | D:2      | Reached XP level 3. HP: 16/33 MP: 2/2
  1747 | D:2      | Reached XP level 4. HP: 30/41 MP: 3/3
  2133 | D:2      | You fall into a shaft and drop 2 floors!
  2133 | D:4      | Found Ebbafauwk's Jewellery Shop.
  3176 | D:4      | Reached XP level 5. HP: 45/47 MP: 4/4
  3492 | D:4      | Reached skill level 1 in Short Blades
  3493 | D:4      | HP: 2/47 [orc priest/+0 hand axe (2)]
  3533 | D:4      | Killed from afar by an orc wizard

Illustrated notes

Levels and vault maps discovered:
D:1:      heliophobic_arrival_henge, layout_basic,
          shapermc_ecumenical_altar_mp_highgroup, serial_aquarium,
          aquarium_bridge_square [aquarium_subvault_window,
          aquarium_subvault_bridge, aquarium_subvault_bridge,
          aquarium_subvault_bridge], aquarium_bridge_long_separate
          [aquarium_subvault_bridge, aquarium_subvault_window,
          aquarium_subvault_window, aquarium_subvault_bridge,
          aquarium_subvault_bridge, aquarium_subvault_bridge],
          aquarium_window_fake, aquarium_window_1, aquarium_view_2e,
          aquarium_view_2e
D:2:      layout_basic, minmay_misc_feat_rows, uniq_robin
D:3:      layout_basic, st_stairs_13
D:4:      minmay_recursive_quarters, layout_gridville, serial_shops,
          nicolae_shop_crystal, portal_sewer_entry_a

Skill      XL: |  1  2  3  4  5 |
---------------+----------------+-----
Axes           | 4 |  4.7
Armour         | 1 2 3 |  3.2
Fighting       | 4 |  4.7
Dodging        | 4 |  4.4
Short Blades   | 1 |  1.2
Stealth        | |  1.8

Action                   |  1- 3 |  4- 6 || total
-------------------------+-------+-------++-------
Melee: Hand axe          |    56 |       ||    56
       Headbutt          |    10 |     9 ||    19
       Dagger            |    21 |    74 ||    95
 Stab: Sleeping          |       |     1 ||     1
Armor: Ring mail         |    19 |    20 ||    39
       Plate armour      |       |    27 ||    27
Dodge: Dodged            |    68 |    56 ||   124
